 Dungeon Crawl Stone Soup version 0.18-a0-1702-gd20c6a5 (webtiles) character file.

126 kip the Slasher (level 4, 0/34 HPs)
             Began as a Demonspawn Gladiator on Apr 7, 2016.
             Was an Initiate of Fedhas.
             Killed from afar by an orc wizard (7 damage)
             ... with a puff of flame
             ... on level 3 of the Dungeon.
             The game lasted 00:11:06 (1642 turns).

kip the Slasher (Demonspawn Gladiator)              Turns: 1642, Time: 00:11:06

Health: 0/34       AC:  6    Str: 21    XL:     4   Next: 83%
Magic:  4/4        EV: 12    Int: 10    God:    Fedhas [......]
Gold:   131        SH:  0    Dex: 13    Spells: 0 memorised, 3 levels left

rFire  . . .     SeeInvis .     a - +0 long sword
rCold  . . .     Gourm    .     t - +0 ring mail
rNeg   . . .     Faith    .     (no shield)
rPois  .         Spirit   .     (helmet restricted)
rElec  .         Dismiss  .     u - +0 cloak
rCorr  .         Reflect  .     (no gloves)
SustAt .         Harm     .     (no boots)
MR     .....                    (no amulet)
Stlth  +.........               (no ring)
                                (no ring)

@: mighty, not resistant to hostile enchantments, very unstealthy
A: antennae 1
a: Renounce Religion


You were on level 3 of the Dungeon.
You worshipped Fedhas.
Fedhas was noncommittal.
You were not hungry.

You visited 1 branch of the dungeon, and saw 3 of its levels.

You collected 131 gold pieces.

Inventory:

Hand Weapons
 a - a +0 long sword (weapon)
Missiles
 d - 3 throwing nets
 v - 6 javelins (quivered)
Armour
 b - a +0 leather armour
 t - a +0 ring mail (worn)
 u - a +0 cloak (worn)
Wands
 w - a wand of acid (3/15)
Scrolls
 c - a scroll of remove curse {unknown}
 h - a scroll of magic mapping {unknown}
 k - a scroll of fear {unknown}
 n - 4 scrolls of noise {unknown}
 o - 3 scrolls of identify {unknown}
 p - 2 scrolls of immolation {unknown}
Potions
 e - a potion of might
 i - a potion of brilliance {unknown}
 j - a potion of flight {unknown}
 l - a potion of berserk rage {unknown}
 m - a potion of degeneration {unknown}
 q - a potion of curing {unknown}
 r - 2 potions of ambrosia {unknown}
Comestibles
 f - 3 bread rations
 s - 10 fruits


   Skills:
 + Level 2.6 Fighting
 + Level 3.6 Long Blades
 + Level 2.0 Throwing
 + Level 1.0 Armour
 + Level 3.6 Dodging
 + Level 0.4 Stealth


You had 3 spell levels left.
You didn't know any spells.

Dungeon Overview and Level Annotations

Branches:
Dungeon (3/15)

Altars:
Fedhas


Innate Abilities, Weirdness & Mutations

You have a pair of small antennae on your head.


Message History

A rat comes into view.
You hit the orc wizard but do no damage.
The orc wizard hits you but does no damage.
The orc misses you.
The rat moves out of view.
An orc comes into view. It is wielding a short sword.
The orc shouts!
You hit the orc.
You kill the orc!
The orc wizard misses you.
It was a potion of might.
You feel very mighty all of a sudden.
The orc wizard gestures wildly while chanting.
The orc wizard seems to speed up.
The orc hits you.
* * * LOW HITPOINT WARNING * * *
You slash the orc!
You kill the orc!
The orc wizard points at you and mumbles some strange words.
The puff of flame hits you!
You die...
Fedhas appreciates your contribution to the ecosystem.

#. # ##. ##. ..
...##.#####
.##...r....###.#
#......<......
#......o)o.#
#.....#.@..#
#.....##...#
#.....#....# .
#........# . ###
#.......## . ..#
###...#### .#####.#
#...##.##
....##.######...#.#.##
....##.#.............#


You could see an orc wizard, an orc and a rat.

Vanquished Creatures
  Jessica (D:2)
  Ijyb (D:2)
  An adder (D:2)
  A worm (D:2)
  2 dart slugs (D:2)
  A giant gecko (D:1)
  2 orcs (D:3)
  5 bats
  4 giant cockroaches (D:2)
  5 hobgoblins
  6 jackals (D:2)
  A quokka (D:2)
  2 giant newts
  11 goblins
  4 kobolds
  4 rats
51 creatures vanquished.

Vanquished Creatures (others)
  A toadstool (D:2)
1 creature vanquished.

Grand Total: 52 creatures vanquished

Notes
Turn   | Place    | Note
--------------------------------------------------------------
     0 | D:1      | kip the Demonspawn Gladiator began the quest for the Orb.
     0 | D:1      | Reached XP level 1. HP: 16/16 MP: 1/1
   375 | D:1      | Gained mutation: You have a pair of small antennae on your head. [demonic ancestry]
   375 | D:1      | Reached XP level 2. HP: 20/22 MP: 2/2
   707 | D:2      | Noticed Ijyb
   722 | D:2      | Killed Ijyb
   722 | D:2      | Reached XP level 3. HP: 21/28 MP: 3/3
  1027 | D:2      | Noticed Jessica
  1033 | D:2      | Killed Jessica
  1033 | D:2      | Reached XP level 4. HP: 31/34 MP: 4/4
  1276 | D:2      | Reached skill level 1 in Armour
  1385 | D:2      | Found a blossoming altar of Fedhas.
  1426 | D:2      | Became a worshipper of Fedhas Madash
  1642 | D:3      | Killed from afar by an orc wizard

Vault maps used:
D:1:      co_arrival_random_square_maze
D:2:      fedhas_altar_fruit_tree, first_bread, serial_bayou_pond_e,
          kennysheep_generic_room_8, uniq_jessica, uniq_iyjb
D:3:      uniq_terence, uniq_grinder

Skill      XL: |  1  2  3  4 |
---------------+-------------+-----
Long Blades    | 3 |  3.6
Dodging        | 3 |  3.6
Throwing       | 2 |  2.0
Armour         | 1 |  1.0
Fighting       | |  2.6
Stealth        | |  0.4

Action                   |  1- 3 |  4- 6 || total
-------------------------+-------+-------++-------
Melee: Long sword        |   107 |    58 ||   165
Throw: Javelin           |       |     8 ||     8
  Use: Potion            |       |     1 ||     1
  Eat: Chunk             |     1 |     1 ||     2
       Bread ration      |       |     1 ||     1
